 Dungeon Sprint DCSS version 0.30-a0-840-ga523dec638 (webtiles) character file.

Game seed: 13758077627738202505

1201 dialectric the Carver (level 8, 0/108 HPs)
             Began as a Demonspawn Fighter on Mar 1, 2023.
             Succumbed to a water moccasin's poison
             ... in the Dungeon (Sprint II: "The Violet Keep of Menkaure").
             The game lasted 00:01:00 (122 turns).

dialectric the Carver (Demonspawn Fighter)           Turns: 122, Time: 00:01:00

Health: 0/108      AC:  8    Str: 17    XL:     8   Next: 21%
Magic:  8/8        EV: 12    Int: 10    God:
Gold:   729        SH:  0    Dex: 14    Spells: 7/7 levels left

rFire   . . .      SeeInvis .    a - +0 long sword
rCold   . . .      Faith    .    (no shield)
rNeg    . . .      Spirit   .    b - +0 scale mail
rPois   .          Reflect  .    (no helmet)
rElec   .          Harm     .    (no cloak)
rCorr   .          Rampage  .    (no gloves)
Will    +....      Rage     3%   (no boots) Stlth NoTele +
                                 (no amulet)
HPRegen 0.38/turn                (no ring)
MPRegen 0.11/turn                (no ring)

@: berserking (expiring), lethally poisoned (0 -> -5), very quick
A: demonic guardian 2, sturdy frame 1, weakness stinger 1, berserk 1,
strong-willed 1
a: no special abilities


You were in the Dungeon.
You visited 1 branch You collected 729 gold pieces.

Inventory:

Hand Weapons
 a - a +0 long sword (weapon)
Armour
 b - a +0 scale mail (worn)
 c - a +0 buckler
Scrolls
 j - a scroll of blinking
Potions
 e - a potion of curing
 g - a potion of haste
 h - 2 potions of magic


   Skills:
 + Level 10.0 Fighting
 * Level 10.7 Long Blades
 + Level 8.5 Armour
 + Level 5.0 Dodging
 - Level 2.6 Shields


You had 7 spell levels left.
You didn't know any spells.
Your spell library was empty.

Dungeon Overview and Level Annotations

Branches:
Dungeon (1/1)

Altars:

Shops:
D =:(=!:??*(?![=[

Annotations:
D exclusion: oklob plant


Innate Abilities, Weirdness & Mutations

A demonic guardian rushes to your aid.
Your movements are slightly less encumbered by armour. (ER -2)
You have a small tail.
You sometimes lose your temper in combat.
You are strong-willed. (Will+)


Message History

You feel very sick.
The water moccasin completely misses you.
The water moccasin bites you but does no damage.
You slash the water moccasin!
You kill the water moccasin!
* * * LOW HITPOINT WARNING * * *
You feel very sick. The water moccasin misses you.
* * * LOW HITPOINT WARNING * * *
You feel very sick.
You see here a water moccasin corpse.
You miss the water moccasin.
* * * LOW HITPOINT WARNING * * *
You feel sick. The water moccasin barely misses you.
You hit the water moccasin.
The water moccasin is lightly wounded.
* * * LOW HITPOINT WARNING * * *
You feel sick.
The water moccasin bites you but does no damage.
You slash the water moccasin!
The water moccasin is severely wounded.
* * * LOW HITPOINT WARNING * * *
You feel sick.
You miss the water moccasin.
The water moccasin is severely wounded.
* * * LOW HITPOINT WARNING * * *
You feel sick. The water moccasin bites you.
* * * LOW HITPOINT WARNING * * *
A demonic guardian appears!
You miss the water moccasin.
The water moccasin is severely wounded.
* * * LOW HITPOINT WARNING * * *
You feel sick.
The water moccasin bites you but does no damage.
You slash the water moccasin!
You kill the water moccasin!
* * * LOW HITPOINT WARNING * * *
You feel sick.
Your Fighting skill increases to level 10!
You die...

##########~~#++
#########~~~...
........#~~~~.## ##
.∩.....∩#~~~~##$ .##
∩.∩...∩.#~~~~ .. ○B
.∩.∩.∩.∩#~~### B#. ##
..∩.∩.∩.#~##.###+###.#
...∩.∩..#~#...##.##..#
....⌠.4†@~'##.†.<.'.#
........#~#...##†##.#
▓▓▓▓▓▓###~##.###'###.#
?.E######~~####.#†####
[$$# ##~~~#..#..# ∩P)
+#~###.### [$ ~~##+#
~~ ++


You could see an iron elemental, an oklob plant and a friendly orange demon
(summoned).

Vanquished Creatures
  2 neqoxecs (D)
  2 water moccasins (D)
  4 necrophages (D)
  A scorpion (D)
9 creatures vanquished.

Vanquished Creatures (collateral kills)
  2 neqoxecs (D)
  3 scorpions (D)
5 creatures vanquished.

Vanquished Creatures (others)
  Menkaure (D)
1 creature vanquished.

Grand Total: 15 creatures vanquished

Notes
Turn   | Place    | Note
-------+----------+-------------------------------------------
     0 | D        | dialectric the Demonspawn Fighter began the quest for the
                  | Orb.
     0 | D        | Reached XP level 1. HP: 18/18 MP: 1/1
     8 | D        | Noticed a necrophage
     8 | D        | Noticed a necrophage
     8 | D        | Noticed a necrophage
     8 | D        | Noticed a necrophage
    18 | D        | Killed a necrophage
    19 | D        | Reached skill level 5 in Fighting
    19 | D        | Gained mutation: A weak demonic guardian rushes to your
                  | aid. [demonic ancestry]
    19 | D        | Reached XP level 2. HP: 13/27 MP: 2/2
    19 | D        | Reached XP level 3. HP: 16/33 MP: 3/3
    20 | D        | Killed a necrophage
    21 | D        | Reached skill level 5 in Armour
    21 | D        | Reached XP level 4. HP: 20/40 MP: 4/4
    28 | D        | Killed a necrophage
    29 | D        | Gained mutation: You have a small tail. [demonic ancestry]
    29 | D        | Reached XP level 5. HP: 22/47 MP: 5/5
    30 | D        | Reached skill level 5 in Long Blades
    32 | D        | Killed Menkaure
    36 | D        | Noticed a boulder beetle
    36 | D        | Noticed a boulder beetle
    39 | D        | Noticed a neqoxec
    39 | D        | Noticed a neqoxec
    39 | D        | Noticed a neqoxec
    39 | D        | Noticed a neqoxec
    42 | D        | Gained mutation: You sometimes lose your temper in combat.
                  | [a neqoxec]
    45 | D        | Killed a neqoxec
    45 | D        | Gained mutation: You are strong-willed. (Will+) [a neqoxec]
    46 | D        | Gained mutation: A demonic guardian rushes to your aid.
                  | [demonic ancestry]
    46 | D        | Reached XP level 6. HP: 19/56 MP: 6/6
    51 | D        | Killed a neqoxec
    55 | D        | Killed a neqoxec
    56 | D        | Gained mutation: Your movements are slightly less
                  | encumbered by armour. (ER -2) [demonic ancestry]
    56 | D        | Reached XP level 7. HP: 5/64 MP: 7/7
    58 | D        | HP: 1/64 [neqoxec (5)]
    59 | D        | Killed a neqoxec
    69 | D        | Reached skill level 10 in Long Blades
    69 | D        | Reached skill level 5 in Dodging
    81 | D        | Reached XP level 8. HP: 22/72 MP: 8/8
   104 | D        | Found Egasonil's Magic Scroll Shop.
   104 | D        | Found Raterpho's Magic Scroll Boutique.
   104 | D        | Found Nutroe Cadu's Antique Armour Shop.
   104 | D        | Found Raskeklu's Assorted Antiques.
   104 | D        | Found Isuf's Antique Armour Shop.
   104 | D        | Found Moma's Weapon Boutique.
   104 | D        | Found Doafi Dihuc's Magic Scroll Shop.
   104 | D        | Found Ivymiq's Distillery.
   104 | D        | Found Eptop's Jewellery Boutique.
   105 | D        | Found Axefec's Book Shop.
   105 | D        | Found Qyfompa's Distillery.
   107 | D        | Found Pohany's Jewellery Boutique.
   107 | D        | Found Ylo Soil's Antique Weapon Shop.
   107 | D        | Noticed an iron elemental
   107 | D        | Noticed an oklob plant
   108 | D        | Found Zillomam's Jewellery Shop.
   108 | D        | Found Kam Fole's Book Shoppe.
   119 | D        | HP: 3/108 [water moccasin (4)]
   121 | D        | HP: 1/108 [poisoned by a water moccasin]
   122 | D        | Reached skill level 10 in Fighting
   122 | D        | Succumbed to a water moccasin's poison

Illustrated notes

Levels and vault maps discovered:
D:        the_violet_keep_of_menkaure [sprint2_stairs_cluster_1,
          sprint2_shoproom, sprint2_temple, sprint2_basic_supplies,
          sprint2_obstacle_5, sprint2_obstacle_1, sprint2_obstacle_4,
          sprint2_obstacle_6, sprint2_obstacle_2, sprint2_timed_cluster_1,
          sprint2_smallroom_cluster_1, sprint2_smallroom_final_cluster_1,
          sprint2_transparent_cluster_1, sprint2_second_timed_cluster_1,
          sprint2_sniper_area_1, sprint2_heavy_combat_area_1,
          sprint2_mutation_trap_area_1, sprint2_forest_area_1,
          sprint2_light_combat_area_1, sprint2_behind_water_1,
          sprint2_near_end_vault_1]

Skill      XL: |  1  2  3  4  5  6  7  8 |
---------------+-------------------------+-----
Fighting       | 5 6 8 9 10 | 10.0
Long Blades    | 3 4 7 8 10 | 10.7
Armour         | 4 5 6 7 8 |  8.5
Dodging        | 3 4 5 |  5.0
Shields        | |  2.6

Action                     |  1- 3 |  4- 6 |  7- 9 || total
---------------------------+-------+-------+-------++-------
  Melee: Long sword        |    11 |    24 |    22 ||    57
         Tailslap          |       |     3 |     2 ||     5
         Punch             |       |     2 |     1 ||     3
    Use: Potion            |     1 |       |     2 ||     3
 Armour: Scale mail        |     4 |     6 |    12 ||    22
  Dodge: Dodged            |     6 |     8 |    12 ||    26

Table legend: (Time is in decaauts)
 A = Elapsed time spent in this place.
 B = Non-inter-level travel time spent in this place.
 C = Inter-level travel time spent in this place.
 D = Time resting spent in this place.
 E = Time spent auto-exploring this place.
 F = Levels seen in this place.
 G = Mean time per level.
                   A        B        C        D        E       F      G
               +--------+--------+--------+--------+--------+-----+--------+
         Total |    123 |    123 |      0 |      0 |      0 |   1 |  123.0 |
       Dungeon |    123 |    123 |      0 |      0 |      0 |   1 |  123.0 |
               +--------+--------+--------+--------+--------+-----+--------+

Top non-repeatable levels by time:
       D: 123 daAuts
